 Dungeon Crawl Stone Soup version 0.22-a0-99-g1ac4c55 (webtiles) character file.

7212 tof the Carver (level 10, -6/91 HPs)
             Began as a Minotaur Fighter on Jan 25, 2018.
             Was an Elder of Okawaru.
             Mangled by an orc warrior
             ... wielding a +0 halberd
              (16 damage)
             ... in a bailey.
             The game lasted 00:25:12 (12090 turns).

tof the Carver (Minotaur Fighter)                  Turns: 12090, Time: 00:25:12

Health: -6/91      AC: 15    Str: 21    XL:     10   Next: 87%
Magic:  12/12      EV: 13    Int:  5    God:    Okawaru [****..]
Gold:   627        SH: 11    Dex:  8    Spells: 9/9 levels left

rFire    + . .     SeeInvis .   a - +0 long sword
rCold    + . .     Gourm    .   c - +0 shield
rNeg     . . .     Faith    .   L - +4 scale mail of Decompression {Regen+ Dex-5 Stlth+}
rPois    .         Spirit   .   (helmet restricted)
rElec    .         Reflect  .   j - scarf {rC+ rF+}
rCorr    .         Harm     .   (no gloves)
MR       .....                  F - +2 pair of boots
Stlth    +.........             (no amulet)
HPRegen  0.65/turn              l - +5 ring of evasion
MPRegen  0.13/turn              (no ring)

@: no status effects
A: retaliatory headbutt, horns 2
a: Heroism, Renounce Religion


You were in a bailey.
You worshipped Okawaru.
Okawaru was greatly pleased with you.
You were not hungry.

You visited 2 branches of the dungeon, and saw 12 of its levels.
You also visited: Bailey.

You collected 627 gold pieces.

Inventory:

Hand Weapons
 a - a +0 long sword (weapon)
 I - a +0 dagger of flaming
Missiles
 m - 225 stones (quivered)
 q - 14 tomahawks
 y - a throwing net {!f}
Armour
 c - a +0 shield (worn)
 j - a scarf of resistance (worn)
 F - a +2 pair of boots (worn)
 L - the +4 scale mail of Decompression (worn) {Regen+ Dex-5 Stlth+}
   (You found it on level 10 of the Dungeon)

   It affects your dexterity (-5).
   It increases your rate of regeneration.
   It makes you more stealthy.
Jewellery
 l - a +5 ring of evasion (left hand)
Wands
 t - a wand of polymorph (14)
 B - a wand of disintegration (11)
 G - a wand of clouds (6)
 H - a wand of paralysis (40)
Scrolls
 g - 2 scrolls of blinking
 h - a scroll of enchant weapon
 n - 2 scrolls of teleportation
 p - 2 scrolls of enchant armour
 s - 4 scrolls of remove curse
 u - 2 scrolls of fog
 w - a scroll of amnesia
Potions
 d - 4 potions of might
 e - a potion of cancellation
 i - 4 potions of lignification
 k - a potion of degeneration
 o - a potion of invisibility
 r - a potion of curing
 v - a potion of agility {unknown}
 x - a potion of mutation {unknown}
 z - 4 potions of flight {unknown}
 A - a potion of magic {unknown}
 C - a potion of heal wounds {unknown}
Books
 D - a book of Debilitation

   Spells                             Type                      Level
   a - Corona                         Hexes                        1
   b - Slow                           Hexes                        2
   c - Inner Flame                    Hexes/Fire                   3
   d - Portal Projectile              Hexes/Translocation          3
   e - Cause Fear                     Hexes                        4
   f - Leda's Liquefaction            Hexes/Earth                  4
 E - a book of Maledictions

   Spells                             Type                      Level
   a - Corona                         Hexes                        1
   b - Ensorcelled Hibernation        Hexes/Ice                    2
   c - Confuse                        Hexes                        3
   d - Tukima's Dance                 Hexes                        3
   e - Dazzling Spray                 Conjuration/Hexes            3
 J - a book of Flames

   Spells                             Type                      Level
   a - Flame Tongue                   Conjuration/Fire             1
   b - Throw Flame                    Conjuration/Fire             2
   c - Conjure Flame                  Conjuration/Fire             3
   d - Inner Flame                    Hexes/Fire                   3
   e - Sticky Flame                   Conjuration/Fire             4
   f - Fireball                       Conjuration/Fire             5
Comestibles
 f - 24 rations
 M - 2 chunks of flesh


   Skills:
 + Level 9.3 Fighting
 * Level 12.1 Long Blades
 + Level 9.4 Armour
 + Level 9.3 Shields
 + Level 4.8 Invocations


You had 9 spell levels left.
You didn't know any spells.

Dungeon Overview and Level Annotations

Branches:
Dungeon (11/15)            Temple (1/1) D:5            Lair (0/6) D:10
    Orc (0/2) D:10

Altars:
Ashenzari
Cheibriados
Dithmenos
Elyvilon
Fedhas
Hepliaklqana
Kikubaaqudgha
Makhleb
Nemelex Xobeh
Okawaru
Qazlal
Ru
Sif Muna
Trog
Uskayaw
Vehumet
Wu Jian
Xom
Yredelemnul
Zin
The Shining One

Shops:
D:10 (*

Annotations:
D:3 2 transporters
D:4 Blork the orc; zero's ghost, amateur SpEn


Innate Abilities, Weirdness & Mutations

You reflexively headbutt those who attack you in melee.
You have a pair of horns on your head.


Message History

Aim: an orc warrior, wielding a halberd and wearing a ring mail (moderately wounded)
You throw a stone. The stone hits the orc warrior.
The orc warrior is moderately wounded.
The orc warrior hits you from afar with a halberd!
* * * LOW HITPOINT WARNING * * *
Throwing (i - inventory. (,) - cycle):
m - 227 stones (quivered)
Press: ? - help, Shift-Dir - straight line, f/p - orc warrior
Aim: an orc warrior, wielding a halberd and wearing a ring mail (moderately wounded)
You throw a stone.
The stone hits the orc warrior but does no damage.
The orc warrior is moderately wounded.
You block the orc warrior's attack.
Throwing (i - inventory. (,) - cycle):
m - 226 stones (quivered)
Press: ? - help, Shift-Dir - straight line, f/p - orc warrior
Aim: an orc warrior, wielding a halberd and wearing a ring mail (moderately wounded)
You throw a stone.
The stone hits the orc warrior but does no damage.
The orc warrior is moderately wounded.
The orc warrior hits you from afar with a halberd!
You die...

##.≈≈..#
#∩.≈≈..#
#.≈≈..#
#.≈..##
#.≈o##.$$
#.≈o## #
#.≈oo#####
#.≈≈≈≈≈≈≈##
#.....@...#
########.##
####...##
##∩..####
#∩#### ###


You could see an orc warrior and 3 orcs.

Vanquished Creatures
  A two-headed ogre (D:8)
  An ugly thing (D:10)
  A troll (D:9)
  A hippogriff (D:9)
  8 yaks
  A basilisk (D:10)
  2 chaos spawn (D:10)
  Menkaure (D:6)
  3 porcupines (D:10)
  2 orc warriors
  An ice beast (D:9)
  A phantom (D:7)
  3 sky beasts
  A necrophage (D:8)
  4 ogres
  4 centaurs
  2 crocodiles (D:10)
  A big kobold (D:9)
  2 bullfrogs (D:6)
  2 wyvern skeletons (D:7)
  4 scorpions
  6 killer bees (D:8)
  3 wights (D:8)
  A bullfrog zombie (D:9)
  4 howler monkeys
  6 crimson imps
  7 hounds
  2 orc priests
  2 bullfrog skeletons
  A jelly (D:8)
  4 orc wizards
  An iguana (D:7)
  6 worker ants
  A hound zombie (D:5)
  A hound skeleton (D:7)
  A howler monkey zombie (D:8)
  A worker ant zombie (D:6)
  Robin (D:2)
  7 gnolls
  14 adders
  2 shadow imps
  An adder skeleton (D:7)
  5 worms
  A dart slug (D:2)
  7 leopard geckos
  36 orcs
  7 giant cockroaches
  11 goblins
  9 hobgoblins
  9 jackals
  6 kobolds
  5 quokkas
  6 bats
  4 frilled lizards
  9 rats
233 creatures vanquished.

Notes
Turn   | Place    | Note
-------+----------+-------------------------------------------
     0 | D:1      | tof the Minotaur Fighter began the quest for the Orb.
     0 | D:1      | Reached XP level 1. HP: 19/19 MP: 0/0
   709 | D:2      | Noticed Robin
   727 | D:1      | Reached XP level 2. HP: 16/27 MP: 1/1
   874 | D:1      | Reached skill level 3 in Long Blades
  1083 | D:2      | Killed Robin
  1083 | D:2      | Reached XP level 3. HP: 28/33 MP: 2/2
  1108 | D:1      | HP: 2/49 [poisoned by Robin]
  1115 | D:1      | HP: 2/49 [poisoned by Robin]
  1123 | D:1      | HP: 1/49 [poisoned by Robin]
  1589 | D:2      | Reached XP level 4. HP: 27/40 MP: 3/3
  1886 | D:2      | Reached skill level 4 in Long Blades
  2480 | D:3      | Found a transporter.
  2493 | D:3      | Found a transporter.
  2914 | D:3      | Reached XP level 5. HP: 47/47 MP: 4/4
  3432 | D:4      | Noticed zero's ghost (amateur SpEn)
  3651 | D:4      | Noticed Blork the orc
  4010 | D:5      | Entered Level 5 of the Dungeon
  4057 | D:5      | Noticed a centaur
  4062 | D:5      | Killed a centaur
  4062 | D:5      | Reached skill level 5 in Long Blades
  4062 | D:5      | Reached XP level 6. HP: 52/55 MP: 5/5
  4081 | D:5      | Reached skill level 5 in Fighting
  4081 | D:5      | Reached skill level 5 in Armour
  4081 | D:5      | Reached skill level 5 in Shields
  4203 | D:5      | Found a staircase to the Ecumenical Temple.
  4239 | Temple   | Entered the Ecumenical Temple
  4850 | D:6      | Noticed an orc warrior
  5009 | D:6      | Reached skill level 6 in Long Blades
  5103 | D:6      | Reached XP level 7. HP: 56/61 MP: 6/6
  5376 | D:6      | Reached skill level 7 in Long Blades
  5498 | D:6      | Reached XP level 8. HP: 59/70 MP: 7/7
  5776 | D:6      | Noticed Menkaure
  5786 | D:6      | Killed Menkaure
  6114 | D:6      | Reached skill level 8 in Long Blades
  6247 | D:6      | Found a stormy altar of Qazlal.
  6802 | D:7      | Found a white marble altar of Elyvilon.
  6802 | D:7      | Found a hazy altar of Hepliaklqana.
  6803 | D:7      | Found an ancient bone altar of Kikubaaqudgha.
  6803 | D:7      | Found a hide-covered altar of Uskayaw.
  6803 | D:7      | Found an iron altar of Okawaru.
  6805 | D:7      | Found a blossoming altar of Fedhas.
  6805 | D:7      | Found an ornate altar of the Wu Jian Council.
  6806 | D:7      | Found a shattered altar of Ashenzari.
  6819 | D:7      | Reached skill level 9 in Long Blades
  6828 | D:7      | Became a worshipper of Warmaster Okawaru
  7087 | D:7      | Found a snail-covered altar of Cheibriados.
  7373 | D:7      | Reached XP level 9. HP: 62/79 MP: 8/8
  7607 | D:8      | Reached skill level 1 in Invocations
  8018 | D:8      | Noticed a two-headed ogre
  8027 | D:8      | Killed a two-headed ogre
  8027 | D:8      | Reached * piety under Okawaru
  8027 | D:8      | Reached skill level 10 in Long Blades
  8469 | D:8      | Found a basalt altar of Yredelemnul.
  8471 | D:8      | Noticed a profane servitor
  8476 | D:8      | Found a glowing golden altar of the Shining One.
  8478 | D:8      | Noticed an angel
  8492 | D:8      | Reached ** piety under Okawaru
  9250 | D:9      | Found Vizosot's Food Shop.
  9250 | D:9      | Noticed a troll
  9261 | D:9      | Killed a troll
  9454 | D:8      | Reached XP level 10. HP: 56/89 MP: 11/11
 10106 | D:9      | Reached skill level 11 in Long Blades
 10687 | D:10     | Entered Level 10 of the Dungeon
 10779 | D:10     | Reached *** piety under Okawaru
 11072 | D:10     | Found a staircase to the Lair.
 11191 | D:10     | Noticed a white ugly thing
 11354 | D:10     | Got a steaming scale mail
 11365 | D:10     | Identified the +4 scale mail of Decompression {Regen+ Dex-5 Stlth+} (You found it on level 10 of the Dungeon)
 11421 | D:10     | Found a shimmering altar of Xom.
 11526 | D:10     | Found the -2 mace of Variability {chaos}
 11675 | D:10     | Killed a white ugly thing
 11675 | D:10     | Reached **** piety under Okawaru
 11675 | D:10     | Reached skill level 12 in Long Blades
 11679 | D:10     | Found Bithrock's Weapon Boutique.
 11679 | D:10     | Found a staircase to the Orcish Mines.
 11857 | D:10     | Found Imyforen's Assorted Antiques.
 11968 | D:11     | Found a flagged portal.
 11978 | Bailey   | Entered a bailey
 12090 | Bailey   | Mangled by an orc warrior

Vault maps used:
D:1:      dpeg_arrival_pits
D:2:      uniq_robin
D:3:      gammafunk_steamed_eel, first_ration
D:4:      nicolae_gozag_zags_fifth_avenue, uniq_blork_the_orc
D:5:      minmay_temple_entry_statues_pillars
D:6:      kennysheep_little_box, uniq_menkaure
D:7:      slow_altar_1, grunt_temple_overflow_open, minmay_hedge_maze,
          grunt_ogre_cave
D:8:      grunt_temple_overflow_holy_war
D:9:      serial_shops, nicolae_shop_waterfront
D:10:     minmay_lair_entry_grove, orc_david_3, serial_shops, kennysheep_mini,
          minmay_guarded_unrand_variability
D:11:     enter_bailey_2, uniq_harold, uniq_sonja
Temple:   grunt_temple_mini_profane
Bailey:   bailey_polearm_1, bailey

Skill      XL: |  1  2  3  4  5  6  7  8  9 10 |
---------------+-------------------------------+-----
Long Blades    | 3 4 5 6 7 9 10 12 | 12.1
Fighting       | 4 5 6 7 8 9 |  9.3
Armour         | 4 5 6 7 8 9 |  9.4
Shields        | 4 5 6 7 8 9 |  9.3
Invocations    | 3 4 |  4.8

Action                   |  1- 3 |  4- 6 |  7- 9 | 10-12 || total
-------------------------+-------+-------+-------+-------++-------
Melee: Long sword        |    57 |   190 |   326 |   249 ||   822
       Headbutt          |    10 |    39 |    77 |    56 ||   182
Throw: Stone             |       |     8 |     2 |    80 ||    90
       Tomahawk          |       |     3 |    10 |       ||    13
Invok: Heroism           |       |       |       |     3 ||     3
  Use: Potion            |     2 |       |     3 |       ||     5
       Scroll            |       |    12 |       |     5 ||    17
  Eat: Chunk             |     2 |    11 |    11 |     9 ||    33
       Ration            |       |       |     1 |       ||     1
Armor: Scale mail        |    60 |    62 |    70 |    58 ||   250
Dodge: Dodged            |    37 |    73 |   132 |   132 ||   374
Block: Shield            |    51 |   103 |   178 |   138 ||   470
       Rpst.: Long sword |     9 |    23 |    27 |    27 ||    86

Table legend:
 A = Spawn XP
 B = Non-spawn XP
 C = Spawn XP percentage of total XP
 D = Spawn monster count
 E = Non-spawn monster count
 F = Spawn count percentage of total count
 G = Total turns spent on level
                    A         B        C        D         E        F      G
               +---------+---------+-------+---------+---------+-------+---------
         Total |       0 |   10303 |   0.0 |       0 |     233 |   0.0 | 12090
               +---------+---------+-------+---------+---------+-------+---------
           D:1 |       0 |      47 |   0.0 |       0 |      20 |   0.0 |  1489
           D:2 |       0 |     102 |   0.0 |       0 |      27 |   0.0 |   917
           D:3 |       0 |      73 |   0.0 |       0 |      21 |   0.0 |  1352
           D:4 |       0 |      48 |   0.0 |       0 |       6 |   0.0 |   252
           D:5 |       0 |     361 |   0.0 |       0 |      15 |   0.0 |  1031
           D:6 |       0 |    1186 |   0.0 |       0 |      26 |   0.0 |  1070
           D:7 |       0 |    1038 |   0.0 |       0 |      30 |   0.0 |  1288
           D:8 |       0 |    2308 |   0.0 |       0 |      25 |   0.0 |  1983
           D:9 |       0 |    1545 |   0.0 |       0 |      34 |   0.0 |  1176
          D:10 |       0 |    3483 |   0.0 |       0 |      28 |   0.0 |  1193
          D:11 |       0 |     112 |   0.0 |       0 |       1 |   0.0 |    30
               +---------+---------+-------+---------+---------+-------+---------
